AoeStats
← Sir luffyy

Migration

506426734Analyzed
1v1 RM · 19d ago on Sep 13, 2026· 42m 10s· 2 players
Game mode
Random Map
Map size
132×132
Population
200
Speed
Normal
Resources
Standard
Victory
Conquest
Starting age
Dark Age
Ending age
Imperial Age
RankedLock teamsTeams togetherTeam positionsShared explorationLock speedFull tech treeHidden civsTurbo modeCheats
Victory
Defeat
🇨🇱 Vikings · Chile
618
+15
🇪🇸 Spanish · Spain
593
-15
Pijus Magnificus
12:23 Feudal Age
12:53 Double-Bit Axe
12:51 Fishing Lines
20:30 Castle Age
20:51 Wheelbarrow
23:31 Bow Saw
29:03 Gillnets
32:45 Demolition Ship
37:35 Ballistics
40:10 Imperial Age
42:59 Chemistry
Sir luffyy
11:46 Feudal Age
16:30 Castle Age
15:15 Double-Bit Axe
20:51 Loom
23:03 Town Watch
23:34 Bow Saw
23:28 Padded Archer Armor
23:19 Fletching
27:47 Town Patrol
28:06 Bodkin Arrow
28:26 Leather Archer Armor
29:12 Ballistics
28:48 Murder Holes
28:59 Gold Mining
28:59 Horse Collar
34:45 Imperial Age
33:09 Crossbowman
37:01 Chemistry
39:28 Arbalester
40:33 Elite Cannon Galleon
Connection lost

Rejoining the realm…

Still unreachable

The connection could not be restored.

Session expired

The server has moved on; the page needs a fresh start.